 Dungeon Crawl Stone Soup version 0.22-a0-757-gdba82d8 (webtiles) character file.

585 Amnesiac the Digger (level 7, -2/46 HPs)
             Began as a Demonspawn Earth Elementalist on July 16, 2018.
             Slain by a sky beast (6 damage)
             ... on level 6 of the Dungeon.
             The game lasted 00:10:24 (3709 turns).

Amnesiac the Digger (Demonspawn Earth Elementalist) Turns: 3709, Time: 00:10:25

Health: -2/46      AC:  4    Str:  9    XL:     7   Next: 15%
Magic:  0/13       EV: 13    Int: 18    God:
Gold:   296        SH:  6    Dex: 13    Spells: 2/14 levels left

rFire    . . .     SeeInvis .   b - +0 dagger
rCold    . . .     Gourm    .   (no shield)
rNeg     . . .     Faith    .   i - +0 robe
rPois    .         Spirit   .   (no helmet)
rElec    .         Reflect  .   k - +1 cloak
rCorr    .         Harm     .   (no gloves)
MR       .....                  (no boots)
Stlth    ++........             (no amulet)
HPRegen  0.15/turn              s - ring of wizardry
MPRegen  0.13/turn              (no ring)

@: very slightly contaminated
A: large bone plates 2, demonic guardian 1
a: no special abilities


You were on level 6 of the Dungeon.
You were very hungry.

You visited 2 branches of the dungeon, and saw 7 of its levels.

You collected 296 gold pieces.

Inventory:

Hand Weapons
 a - a +0 rapier
 b - a +0 dagger (weapon)
 e - a +0 blowgun
Missiles
 h - 34 stones (quivered)
 j - 34 poisoned needles
Armour
 i - a +0 robe (worn)
 k - a +1 cloak (worn)
Jewellery
 s - a ring of wizardry (left hand)
Scrolls
 g - 2 scrolls of blinking {!r}
 l - 3 scrolls of identify {!r}
 r - a scroll of remove curse {!r}
Potions
 c - 2 potions of heal wounds {!q, unknown}
 f - 3 potions of resistance {!q, unknown}
 m - a potion of brilliance {!q, unknown}
 n - 2 potions of flight {!q, unknown}
 o - a potion of invisibility {!q, unknown}
 p - 2 potions of lignification {!q, unknown}
 q - a potion of curing {!q}
Comestibles
 d - 6 rations


   Skills:
 - Level 2.0 Short Blades
 + Level 2.8 Dodging
 - Level 2.0 Stealth
 - Level 4.0 Spellcasting
 - Level 4.0 Transmutations
 - Level 4.0 Earth Magic


You had 2 spell levels left.
You knew the following spells:

 Your Spells              Type           Power        Failure   Level  Hunger
a - Sandblast             Erth           ###...       1%          1    None
b - Passwall              Tmut/Erth      ###.....     1%          2    ##.....
d - Lee's Rapid Deconstr  Erth           ###.......   30%         5    ######.
e - Petrify               Tmut/Erth      ###.....     12%         4    ####...

Your spell library contained the following spells:

 Spells                   Type           Power        Failure   Level  Hunger
 Stone Arrow              Conj/Erth      ##....       8%          3    ###....


Dungeon Overview and Level Annotations

Branches:
Dungeon (6/15)             Temple (1/1) D:5

Altars:
Ashenzari
Cheibriados
Elyvilon
Fedhas
Hepliaklqana
Kikubaaqudgha
Makhleb
Nemelex Xobeh
Okawaru
Qazlal
Ru
Sif Muna
Trog
Uskayaw
Vehumet
Wu Jian
Yredelemnul
The Shining One

Annotations:
D:2 1 exclusion


Innate Abilities, Weirdness & Mutations

You are mostly covered in large bone plates. (SH +6)
A weak demonic guardian rushes to your aid.


Message History

Aiming: Sandblast (safe; 1% risk of failure)
Press: ? - help, Shift-Dir - straight line, f/p - sky beast
Aim: a sky beast (lightly wounded)
The blast of sand hits the sky beast.
The sky beast is moderately wounded.
h - 36 stones The sky beast hits you.
The sky beast shocks you.
Casting: Sandblast (safe; 1% risk of failure)
Confirm with . or Enter, or press ? or * to list all spells.
You don't have enough magic to cast that spell.
Casting: Sandblast (safe; 1% risk of failure)
Confirm with . or Enter, or press ? or * to list all spells.
You don't have enough magic to cast that spell.
You closely miss the sky beast.
The sky beast is moderately wounded.
The sky beast hits you. The sky beast shocks you.
You barely miss the sky beast.
The sky beast is moderately wounded.
The sky beast misses you.
Casting: Sandblast (safe; 1% risk of failure)
Confirm with . or Enter, or press ? or * to list all spells.
Aiming: Sandblast (safe; 1% risk of failure)
Press: ? - help, Shift-Dir - straight line, f/p - sky beast
Aim: a sky beast (moderately wounded)
The blast of sand hits the sky beast.
The sky beast is heavily wounded.
h - 35 stones The sky beast hits you.
* * * LOW HITPOINT WARNING * * *
The sky beast shocks you.
* * * LOW HITPOINT WARNING * * *
Unknown command.
The sky beast hits your shadow imp but does no damage.
Okay, then.
The sky beast hits you but does no damage.
The sky beast hits your shadow imp but does no damage.
The sky beast hits your shadow imp. The sky beast shocks your shadow imp.
You hit the sky beast.
The sky beast is severely wounded.
The sky beast hits you but does no damage.
You hit the sky beast but do no damage.
The sky beast is severely wounded.
You block the sky beast's attack.
You barely miss the sky beast.
The sky beast is severely wounded.
Casting: Sandblast (safe; 1% risk of failure)
Confirm with . or Enter, or press ? or * to list all spells.
Aiming: Sandblast (safe; 1% risk of failure)
Press: ? - help, Shift-Dir - straight line, f/p - sky beast
Aim: a sky beast (severely wounded)
The blast of sand hits the sky beast.
The sky beast is almost dead.
h - 34 stones The sky beast hits you.
* * * LOW HITPOINT WARNING * * *
The sky beast shocks you.
* * * LOW HITPOINT WARNING * * *
Unknown command.
You hit the sky beast.
The sky beast is almost dead.
The sky beast hits you.
* * * LOW HITPOINT WARNING * * *
The sky beast shocks you.
You die...

#.. #.....### ###.#
#......# ####...##
##......## #...%(..##
##........#
....####..##
#.........## ..#
##..## ##.#........# .
#...#####.#####.....##
##.5Y.##..# ##......
#..5@...## ##.....
#......## ##..#.
##.....# ##.###
#...#.# #.## #.....#
##.# ...##### ##.##
###.# ##.## ### #..##
###.#


You could see a sky beast and 2 friendly shadow imps.

Vanquished Creatures
  A sky beast (D:6)
  2 hounds
  A bullfrog skeleton (D:3)
  An orc wizard (D:3)
  2 worker ants (D:5)
  A hound skeleton (D:5)
  12 gnolls
  5 adders
  A howler monkey skeleton (D:5)
  An adder skeleton (D:6)
  2 worms
  A dart slug (D:2)
  3 leopard geckos
  4 orcs
  4 bats
  A giant cockroach (D:3)
  7 goblins
  3 hobgoblins
  7 jackals
  9 kobolds
  4 quokkas
  3 frilled lizards
  4 rats
79 creatures vanquished.

Vanquished Creatures (collateral kills)
  An ogre (D:5)
  A worker ant (D:4)
  A gnoll (D:5)
  2 orcs (D:3)
5 creatures vanquished.

Vanquished Creatures (others)
  A rat (D:2)
  A plant (D:3)
2 creatures vanquished.

Grand Total: 86 creatures vanquished

Notes
Turn   | Place    | Note
-------+----------+-------------------------------------------
     0 | D:1      | Amnesiac the Demonspawn Earth Elementalist began the quest for the Orb.
     0 | D:1      | Reached XP level 1. HP: 13/13 MP: 3/3
   111 | D:2      | Noticed a hound
   176 | D:2      | Gained mutation: A weak demonic guardian rushes to your aid. [demonic ancestry]
   176 | D:2      | Reached XP level 2. HP: 16/19 MP: 1/5
   180 | D:2      | Learned a level 2 spell: Passwall
   474 | D:3      | Gained mutation: You are partially covered in large bone plates. (SH +4) [demonic ancestry]
   474 | D:3      | Reached XP level 3. HP: 10/24 MP: 2/6
   633 | D:3      | Reached skill level 1 in Short Blades
   656 | D:3      | Gained mutation: You are mostly covered in large bone plates. (SH +6) [demonic ancestry]
   656 | D:3      | Reached XP level 4. HP: 30/30 MP: 1/7
   728 | D:4      | Learned a level 4 spell: Petrify
   759 | D:4      | Reached skill level 1 in Transmutations
   997 | D:5      | Entered Level 5 of the Dungeon
  1001 | D:5      | Reached XP level 5. HP: 35/35 MP: 6/9
  1243 | D:5      | Found a staircase to the Ecumenical Temple.
  1252 | Temple   | Entered the Ecumenical Temple
  1477 | D:5      | Noticed an ogre
  1484 | D:5      | Killed an ogre
  1535 | D:3      | Reached XP level 6. HP: 41/41 MP: 7/11
  1810 | D:3      | Learned a level 5 spell: Lee's Rapid Deconstruction
  2328 | D:2      | Found a faded altar of an unknown god.
  3592 | D:6      | Noticed a sky beast
  3601 | D:6      | Killed a sky beast
  3601 | D:6      | Reached XP level 7. HP: 46/46 MP: 10/13
  3709 | D:6      | Slain by a sky beast

Vault maps used:
D:1:      dpeg_arrival_pond, minmay_misc_feat_encased
D:2:      chequers_ecumenical_altar_island, minmay_misc_feat_plants
D:3:      first_ration, lexackson_kobold_supper
D:4:      minmay_misc_feat_alley, uniq_edmund
D:5:      lemuel_temple_firewalk_a
Temple:   hc_temple_tempest_star

Skill      XL: |  1  2  3  4  5  6 |
---------------+-------------------+-----
Stealth        | 2 |  2.0
Earth Magic    | 3 4 |  4.0
Short Blades   | 1 2 |  2.0
Transmutations | 1 2 4 |  4.0
Spellcasting   | 3 4 |  4.0
Dodging        | 2 |  2.8

Action                   |  1- 3 |  4- 6 |  7- 9 || total
-------------------------+-------+-------+-------++-------
Melee: Short sword       |     4 |    27 |       ||    31
       Rapier            |       |    95 |       ||    95
       Dagger            |       |     1 |     8 ||     9
 Cast: Sandblast         |    22 |    75 |     5 ||   102
       Passwall          |       |     1 |       ||     1
       Petrify           |       |       |     2 ||     2
  Use: Scroll            |       |     9 |       ||     9
 Stab: Sleeping          |       |     6 |       ||     6
       Distracted        |       |     1 |       ||     1
  Eat: Chunk             |       |     9 |       ||     9
Armor: Robe              |     1 |    14 |     3 ||    18
Dodge: Dodged            |     3 |    84 |     5 ||    92
Block: Other             |     3 |    42 |     1 ||    46

Table legend:
 A = Spawn XP
 B = Non-spawn XP
 C = Spawn XP percentage of total XP
 D = Spawn monster count
 E = Non-spawn monster count
 F = Spawn count percentage of total count
 G = Total turns spent on level
                    A         B        C        D         E        F      G
               +---------+---------+-------+---------+---------+-------+---------
         Total |       0 |     837 |   0.0 |       0 |      84 |   0.0 |  3709
               +---------+---------+-------+---------+---------+-------+---------
           D:1 |       0 |       2 |   0.0 |       0 |       1 |   0.0 |    23
           D:2 |       0 |     128 |   0.0 |       0 |      25 |   0.0 |  1042
           D:3 |       0 |     226 |   0.0 |       0 |      35 |   0.0 |  1273
           D:4 |       0 |      89 |   0.0 |       0 |       7 |   0.0 |   287
           D:5 |       0 |     261 |   0.0 |       0 |      13 |   0.0 |   729
           D:6 |       0 |     131 |   0.0 |       0 |       3 |   0.0 |   166
               +---------+---------+-------+---------+---------+-------+---------
